 Dungeon Crawl Stone Soup version 0.21.1-1-g345015fe64 (webtiles) character file.

77 Norrik the Poker (level 4, 0/41 HPs)
             Began as a Minotaur Monk on Mar 25, 2018.
             Slain by Danqa's ghost (15 damage)
             ... on level 3 of the Dungeon.
             The game lasted 00:05:32 (2056 turns).

Norrik the Poker (Minotaur Monk)                    Turns: 2056, Time: 00:05:32

Health: 0/41       AC:  2    Str: 17    XL:     4   Next: 14%
Magic:  3/3        EV: 13    Int:  7    God:
Gold:   109        SH:  0    Dex: 12    Spells: 3/3 levels left

rFire    . . .     SeeInvis .   a - +0 spear
rCold    + . .     Gourm    .   (no shield)
rNeg     + . .     Faith    .   b - +0 robe
rPois    .         Spirit   .   (helmet restricted)
rElec    .         Reflect  .   (no cloak)
rCorr    .         Harm     .   (no gloves)
MR       .....                  (no boots)
Stlth    ++........             (no amulet)
HPRegen  0.13/turn              k - ring of protection from cold
MPRegen  0.08/turn              n - ring of positive energy

@: no status effects
A: retaliatory headbutt, horns 2
a: no special abilities


You were on level 3 of the Dungeon.
You were not hungry.

You visited 1 branch of the dungeon, and saw 3 of its levels.

You collected 109 gold pieces.

Inventory:

Hand Weapons
 a - a +0 spear (weapon)
 t - a +0 halberd
Missiles
 d - 90 stones (quivered)
 h - 66 arrows
Armour
 b - a +0 robe (worn)
Jewellery
 k - a ring of protection from cold (left hand)
 m - an uncursed ring of protection from cold
 n - a ring of positive energy (right hand)
Scrolls
 e - a scroll of fear {unknown}
 f - 3 scrolls of identify {unknown}
 g - 2 scrolls of remove curse
 i - 2 scrolls of amnesia {unknown}
 j - a scroll of magic mapping {unknown}
 o - 2 scrolls of teleportation {unknown}
Potions
 l - 2 potions of resistance {unknown}
 p - a potion of agility {unknown}
 r - a potion of heal wounds {unknown}
 s - a potion of haste {unknown}
Comestibles
 c - 3 rations


   Skills:
 + Level 4.3 Fighting
 * Level 5.0 Polearms
 + Level 2.1 Armour
 - Level 3.2 Dodging
 - Level 1.5 Stealth


You had 3 spell levels left.
You didn't know any spells.

Dungeon Overview and Level Annotations

Branches:
Dungeon (3/15)

Altars:
Trog

Annotations:
D:3 Danqa's ghost, amateur MiFi


Innate Abilities, Weirdness & Mutations

You reflexively headbutt those who attack you in melee.
You have a pair of horns on your head.


Message History

Danqa's ghost hits you but does no damage.
You hit Danqa's ghost.
Danqa's ghost is lightly damaged.
Danqa's ghost hits you but does no damage.
You closely miss Danqa's ghost.
Danqa's ghost is lightly damaged.
You hit Danqa's ghost but do no damage. Your headbutt misses Danqa's ghost.
Danqa's ghost is lightly damaged.
Danqa's ghost hits you.
You hit Danqa's ghost but do no damage.
Danqa's ghost is lightly damaged.
Danqa's ghost barely misses you.
You hit Danqa's ghost but do no damage.
Danqa's ghost is lightly damaged.
Danqa's ghost hits you!
You hit Danqa's ghost.
Danqa's ghost is lightly damaged.
Danqa's ghost closely misses you. Danqa's ghost hits you!
You die...

#.....# #.....#
########.....#
#............# #
#............# ###
..#####............### #..
.....................####+#
..............(............
..........@W.(#............
..............#............
.......)......#......###...
.............##......'.'...
#######+#######......###...
#......###... #......+.'...
#......###... #......# ####


You could see Danqa's ghost.

Vanquished Creatures
  4 gnolls (D:3)
  A worm (D:2)
  A dart slug (D:1)
  2 orcs (D:3)
  4 goblins
  4 hobgoblins
  2 jackals (D:2)
  4 kobolds
  2 ball pythons (D:3)
  2 bats
  2 frilled lizards (D:2)
  7 rats
35 creatures vanquished.

Notes
Turn   | Place    | Note
-------+----------+-------------------------------------------
     0 | D:1      | Norrik the Minotaur Monk began the quest for the Orb.
     0 | D:1      | Reached XP level 1. HP: 19/19 MP: 0/0
   269 | D:1      | Reached skill level 4 in Polearms
   319 | D:1      | Reached XP level 2. HP: 27/27 MP: 1/1
   342 | D:1      | Reached skill level 1 in Armour
  1123 | D:2      | Found a bloodstained altar of Trog.
  1631 | D:3      | Reached XP level 3. HP: 33/33 MP: 2/2
  1846 | D:3      | Reached skill level 5 in Polearms
  1846 | D:3      | Reached XP level 4. HP: 35/41 MP: 3/3
  1984 | D:3      | Noticed Danqa's ghost (amateur MiFi)
  2056 | D:3      | Slain by Danqa's ghost

Skill      XL: |  1  2  3 |
---------------+----------+-----
Polearms       | 4 5 |  5.0
Armour         | 1 2 |  2.1
Fighting       | 4 |  4.3
Dodging        | |  3.2
Stealth        | |  1.5

Action                   |  1- 3 |  4- 6 || total
-------------------------+-------+-------++-------
Melee: Spear             |    81 |    19 ||   100
       Headbutt          |     8 |     1 ||     9
Throw: Stone             |    17 |     2 ||    19
  Use: Scroll            |     1 |       ||     1
 Stab: Sleeping          |     2 |     1 ||     3
  Eat: Ration            |     1 |       ||     1
Armor: Robe              |     6 |     2 ||     8
Dodge: Dodged            |    34 |     5 ||    39
